 Dungeon Crawl Stone Soup version 0.18.1-48-g4cf74bf (webtiles) character file.

112 Heedrag the Conjurer (level 4, -5/24 HPs)
             Began as a Deep Elf Conjurer on Aug 6, 2016.
             Slain by an ogre
             ... wielding a +0 giant club
              (29 damage)
             ... on level 4 of the Dungeon.
             The game lasted 00:04:22 (2423 turns).

Heedrag the Conjurer (Deep Elf Conjurer)            Turns: 2423, Time: 00:04:22

Health: -5/24      AC:  8    Str:  6    XL:     4   Next: 64%
Magic:  5/12       EV: 13    Int: 20    God:
Gold:   155        SH:  0    Dex: 15    Spells: 3 memorised, 4 levels left

rFire  . . .     SeeInvis .     (no weapon)
rCold  . . .     Gourm    .     a - +0 robe
rNeg   . . .     Faith    .     (no shield)
rPois  +         Spirit   .     (no helmet)
rElec  .         Dismiss  .     (no cloak)
rCorr  .         Reflect  .     p - +0 pair of gloves
SustAt .         Harm     .     h - +0 pair of boots
MR     .....                    (no amulet)
Stlth  ++........               y - ring of poison resistance
                                t - +4 ring of protection

@: not resistant to hostile enchantments, unstealthy
A: no striking features
a: no special abilities


You were on level 4 of the Dungeon.
You were not hungry.

You visited 1 branch of the dungeon, and saw 4 of its levels.

You collected 155 gold pieces.

Inventory:

Missiles
 r - 7 curare-tipped needles
Armour
 a - a +0 robe (worn)
 h - a +0 pair of boots (worn)
 p - a +0 pair of gloves (worn)
 q - a +0 buckler
Jewellery
 t - a +4 ring of protection (left hand)
 y - a ring of poison resistance (right hand)
Wands
 s - a wand of random effects (21/48)
 A - a wand of teleportation (2/9)
Scrolls
 e - 2 scrolls of amnesia {unknown}
 g - 3 scrolls of remove curse {unknown}
 j - 2 scrolls of immolation {unknown}
 k - a scroll of enchant weapon {unknown}
 m - a scroll of random uselessness {unknown}
 o - a scroll of teleportation {unknown}
 u - a scroll of noise {unknown}
 v - a scroll of identify {unknown}
Potions
 d - 3 potions of curing {unknown}
 f - 3 potions of heal wounds {unknown}
 i - 4 potions of cancellation {unknown}
 n - a potion of invisibility {unknown}
 z - a potion of flight {unknown}
Books
 b - a book of Conjurations

   Spells                             Type                      Level
   a - Magic Dart                     Conjuration                  1
   b - Searing Ray                    Conjuration                  2
   c - Dazzling Spray                 Conjuration/Hexes            3
   d - Fulminant Prism                Conjuration/Hexes            4
   e - Iskenderun's Mystic Blast      Conjuration                  4
   f - Iskenderun's Battlesphere      Conjuration/Charms           5
Comestibles
 c - 2 bread rations
 l - 2 beef jerkies
 w - a meat ration
 x - a chunk of flesh


   Skills:
 - Level 2.4 Dodging
 - Level 2.4 Stealth
 + Level 4.5 Spellcasting
 * Level 6.0 Conjurations


You had 4 spell levels left.
You knew the following spells:

 Your Spells              Type           Power        Failure   Level  Hunger
a - Magic Dart            Conj           ####         1%          1    None
b - Dazzling Spray        Conj/Hex       ###...       12%         3    ##.....
c - Iskenderun's Mystic   Conj           ####....     12%         4    ####...


Dungeon Overview and Level Annotations

Branches:
Dungeon (4/15)
 Temple: D:4-7

Altars:
Sif Muna


Message History

Press: ? - help, Shift-Dir - straight line, f/p - ogre
Aim: an ogre, wieldin' a giant club (heavily wounded, blind) Okay, than.
Castin': Dazzlin' Spray Confirm wit' . or Enter, or press ? or * ta list all spells.
Aimin': Magic Dart
Press: ? - help, Shift-Dir - straight line, f/p - ogre
Aim: an ogre, wieldin' a giant club (heavily wounded, blind) Tha magic dart hits tha ogre.
Tha ogre be heavily wounded.
Castin': Magic Dart Confirm wit' . or Enter, or press ? or * ta list all spells.
Aimin': Magic Dart
Press: ? - help, Shift-Dir - straight line, f/p - ogre
Aim: an ogre, wieldin' a giant club (heavily wounded, blind) Tha magic dart hits tha ogre.
Tha ogre be severely wounded.
Tha ogre hits ye wit' a giant club!!
Ouch! Tha re'lly hurt!
Ye die...

#### #...
###...###
#.......####
#...?..$<..#
......O@##.#
###.<.### #
#.. ##


You could see an ogre (blind).

Vanquished Creatures
  3 gnolls (D:2)
  2 adders (D:2)
  A worm (D:1)
  3 dart slugs
  2 giant geckos
  A ball python (D:1)
  9 bats
  4 giant cockroaches
  3 goblins (D:2)
  10 hobgoblins
  4 jackals
  2 kobolds
  3 giant newts
  4 rats
51 creatures vanquished.

Notes
Turn   | Place    | Note
--------------------------------------------------------------
     0 | D:1      | Heedrag the Deep Elf Conjurer began the quest for the Orb.
     0 | D:1      | Reached XP level 1. HP: 10/10 MP: 6/6
   294 | D:1      | Reached XP level 2. HP: 15/15 MP: 2/8
   506 | D:1      | Reached skill level 5 in Conjurations
   629 | D:2      | Reached XP level 3. HP: 19/19 MP: 5/10
   790 | D:2      | Learned a level 3 spell: Dazzling Spray
  1473 | D:2      | Reached XP level 4. HP: 24/24 MP: 9/12
  1514 | D:2      | Learned a level 4 spell: Iskenderun's Mystic Blast
  2187 | D:3      | Reached skill level 6 in Conjurations
  2256 | D:3      | Found a deep blue altar of Sif Muna.
  2417 | D:4      | Noticed an ogre
  2423 | D:4      | Slain by an ogre

Skill      XL: |  1  2  3  4 |
---------------+-------------+-----
Conjurations   | 5 6 |  6.0
Spellcasting   | 4 |  4.5
Dodging        | |  2.4
Stealth        | |  2.4

Action                   |  1- 3 |  4- 6 || total
-------------------------+-------+-------++-------
Melee: Unarmed           |       |     7 ||     7
 Cast: Magic Dart        |    73 |    54 ||   127
       Dazzling Spray    |       |     1 ||     1
  Eat: Chunk             |     1 |     3 ||     4
Armor: Robe              |     1 |     5 ||     6
Dodge: Dodged            |     6 |    12 ||    18
